 Dungeon Crawl Stone Soup version 0.30.1 (webtiles) character file.

Game seed: 8128858342451388212

340512 monsoonserge the Slayer (level 21, -28/206 (211) HPs)
             Began as a Hill Orc Fighter on July 9, 2023.
             Was the Champion of Nemelex Xobeh.
             Killed from afar by a tengu reaver (61 damage)
             ... with a bolt of fire
             ... on level 5 of the Vaults on July 10, 2023.
             The game lasted 04:42:32 (64865 turns).

monsoonserge the Slayer (Hill Orc Fighter)         Turns: 64865, Time: 04:42:32

HP:   -28/206 (211) AC: 30    Str: 34    XL:     21   Next: 99%
MP:   31/33         EV: 12    Int: 12    God:    Nemelex Xobeh [******]
Gold: 4258          SH: 24    Dex: 10    Spells: 22/24 levels left

rFire   . . .        T - +4 broad axe (flame)
rCold   + + .        H - +0 tower shield
rNeg    . . .        o - +5 chain mail of Ignis {rPois Will++ Int+2 Stlth-}
rPois   +            m - +2 hat {Int+3}
rElec   +            Z - +2 cloak
rCorr   .            F - +0 pair of gloves
SInv    .            c - +1 pair of boots {rampage}
Will    ++++.        p - amulet "Looxeut" {Reflect Int+4 SH+5 Stlth+}
Stlth   +            u - ring of Ribuph {Fly rElec Will+ Stlth+}
HPRegen 0.54/turn    q - ring of Omois {rC++ AC+4 Str+4 Int-5}
MPRegen 0.23/turn

%: random rage (3%), reflection, rampage
@: corroded, on berserk cooldown, flying, hasted and slowed, studying Throwing,
lightly drained, invisible
A: berserk 1
}: 2/15 runes: decaying, gossamer
a: Renounce Religion, Draw Escape, Draw Destruction, Draw Summoning, Triple
Draw, Deal Four, Stack Five


You were on level 5 of the Vaults.
You worshipped Nemelex Xobeh.
Nemelex Xobeh was exalted by your worship.
You visited 9 branches of the dungeon, and saw 38 of its levels.
You visited the Abyss 1 time.
You also visited: Ossuary.

You collected 4468 gold pieces.
You spent 210 gold pieces at shops.

Inventory:

Hand Weapons
 a - a +3 demon whip of distortion
 O - a +6 arbalest of flaming
 T - a +4 broad axe of flaming (weapon)
Missiles
 i - 15 atropa-tipped darts
 w - 2 curare-tipped darts
 I - 6 datura-tipped darts
 M - 13 javelins (quivered)
 R - 2 boomerangs of dispersal
Armour
 c - a +1 pair of boots of rampaging (worn)
 m - a +2 hat of intelligence (worn)
 o - the +5 chain mail of Ignis (worn) {rPois Will++ Int+2 Stlth-}
   (You found it on level 3 of the Dungeon)

   Int:       It affects your intelligence (+2).
   rPois:     It protects you from poison.
   Will:      It greatly increases your willpower.
   Stlth:     It makes you less stealthy.
 F - a +0 pair of gloves (worn)
 H - a +0 tower shield (worn)
 L - a +0 cloak of poison resistance
 Z - a +2 cloak (worn)
Jewellery
 p - the amulet "Looxeut" (around neck) {Reflect Int+4 SH+5 Stlth+}
   (You acquired it on level 3 of the Vaults)

   [amulet of reflection]

   It reflects blocked missile attacks.
   Int:       It affects your intelligence (+4).
   SH:        It affects your SH (+5).
   Stlth:     It makes you more stealthy.
 q - the ring of Omois (right hand) {rC++ AC+4 Str+4 Int-5}
   (You found it on level 2 of the Vaults)

   [ring of protection]

   AC:        It affects your AC (+4).
   Str:       It affects your strength (+4).
   Int:       It affects your intelligence (-5).
   rC:        It greatly protects you from cold.
 u - the ring of Ribuph (left hand) {Fly rElec Will+ Stlth+}
   (You found it on level 5 of the Lair of Beasts)

   [ring of willpower]

   rElec:     It insulates you from electricity.
   Fly:       It grants you flight.
   Will:      It increases your willpower.
   Stlth:     It makes you more stealthy.
 N - a ring of resist corrosion
 P - a ring of see invisible
Wands
 f - a wand of light (15)
 l - a wand of mindburst (16)
 x - a wand of digging (4)
 y - a wand of roots (59)
 X - a wand of paralysis (21)
Scrolls
 b - 9 scrolls of fear
 e - 4 scrolls of blinking
 r - a scroll of teleportation
 z - a scroll of magic mapping
 A - 4 scrolls of enchant armour
 B - 5 scrolls of poison
 C - 5 scrolls of immolation
 D - 2 scrolls of enchant weapon
 J - 2 scrolls of torment
 Q - 4 scrolls of summoning
 S - 6 scrolls of fog
 V - a scroll of brand weapon
Potions
 d - 12 potions of might
 g - a potion of magic
 h - a potion of heal wounds
 j - 5 potions of haste
 k - 28 potions of curing
 n - 3 potions of lignification
 t - 6 potions of mutation
 E - 7 potions of attraction
 G - 2 potions of resistance
 K - 12 potions of ambrosia
 U - a potion of cancellation
 W - 4 potions of berserk rage
Miscellaneous
 s - a phantom mirror
 Y - a tin of tremorstones (2/2)


   Skills:
 + Level 23.3 Fighting
 - Level 17.5(18.0) Axes
 + Level 4.8(10.8) Maces & Flails
 + Level 2.8(10.1) Polearms
 + Level 2.0 Ranged Weapons
 * Level 5.1 Throwing
 + Level 19.2 Armour
 + Level 9.3 Dodging
 + Level 6.1 Stealth
 + Level 18.4 Shields
 - Level 2.0 Spellcasting
 * Level 1.4 Transmutations
 + Level 16.0 Invocations
 + Level 7.0 Evocations


You had 22 spell levels left.
You knew the following spells:

 Your Spells              Type           Power      Damage    Failure   Level
a - Wereblood             Tmut           4%         N/A       61%         2

Your spell library contained the following spells:

 Spells                   Type           Power      Damage    Failure   Level
 Sting                    Tmut/Pois      8%         1d3       56%         1
 Foxfire                  Conj/Fire      4%         2x1d4     67%         1
 Freeze                   Ice            4%         1d3       67%         1
 Kiss of Death            Conj/Necr      4%         2d5       67%         1
 Slow                     Hex            4%         N/A       67%         1
 Summon Small Mammal      Summ           4%         N/A       67%         1
 Cigotuvi's Dreadful Rot  Necr/Pois/Air  2%         N/A       80%         2
 Ensorcelled Hibernation  Hex/Ice        2%         N/A       80%         2
 Poisonous Vapours        Pois/Air       2%         N/A       80%         2
 Sublimation of Blood     Necr           1%         N/A       80%         2
 Spider Form              Tmut/Pois      2%         N/A       91%         3
 Call Canine Familiar     Summ           1%         N/A       95%         3
 Confusing Touch          Hex            1%         N/A       95%         3
 Dazzling Flash           Conj/Hex       2%         N/A       95%         3
 Frozen Ramparts          Ice            2%         1d1       95%         3
 Gell's Gravitas          Tloc           1%         N/A       95%         3
 Hailstorm                Conj/Ice       1%         3d3       95%         3
 Stone Arrow              Conj/Erth      2%         3d7       95%         3
 Summon Guardian Golem    Hex/Summ       1%         N/A       95%         3
 Teleport Other           Tloc           1%         N/A       95%         3
 Vampiric Draining        Necr           1%         2d6       95%         3
 Volatile Blastmotes      Fire/Tloc      2%         2d10      95%         3
 Anguish                  Hex/Necr       0%         N/A       100%        4
 Animate Armour           Summ/Erth      2%         N/A       100%        4
 Dispel Undead            Necr           1%         3d6       100%        4
 Fulminant Prism          Conj/Hex       0%         3d5       100%        4
 Iskenderun's Mystic Bla  Conj/Tloc      1%         2d3       100%        4
 Olgreb's Toxic Radiance  Pois           1%         N/A       100%        4
 Summon Lightning Spire   Summ/Air       1%         N/A       100%        4
 Blade Hands              Tmut           2%         N/A       100%        5
 Fireball                 Conj/Fire      0%         3d3       100%        5
 Iskenderun's Battlesphe  Conj           1%         2d6       100%        5
 Lee's Rapid Deconstruct  Erth           0%         3d4*      100%        5
 Conjure Ball Lightning   Conj/Air       0%         3x3d6     100%        6
 Death Channel            Necr           0%         N/A       100%        6
 Dispersal                Tloc           0%         N/A       100%        6
 Iron Shot                Conj/Erth      0%         9d1       100%        6
 Plasma Beam              Fire/Air       0%         2x1d11    100%        6
 Starburst                Conj/Fire      0%         6d3       100%        6
 Orb of Destruction       Conj           0%         9d5       100%        7
 Summon Hydra             Summ           0%         N/A       100%        7
 Lehudib's Crystal Spear  Conj/Erth      0%         10d2      100%        8
 Dragon's Call            Summ           0%         N/A       100%        9


Dungeon Overview and Level Annotations

Branches:
Dungeon (15/15)            Temple (1/1) D:4            Lair (5/5) D:8
  Swamp (4/4) Lair:2       Spider (4/4) Lair:3        Slime (0/5) Lair:4
    Orc (2/2) D:10            Elf (0/3) Orc:2        Vaults (4/5) D:13
  Crypt (1/3) Vaults:3     Depths (1/4) D:15        Ossuary (visited)

Altars:
Ashenzari
Cheibriados
Dithmenos
Elyvilon
Fedhas
Gozag
Hepliaklqana
Kikubaaqudgha
Makhleb
Nemelex Xobeh
Okawaru
Qazlal
Ru
Sif Muna
Trog
Uskayaw
Vehumet
Wu Jian
Xom
Yredelemnul
Zin
The Shining One

Shops:
D:7 =   D:9 :   Orc:2 ([*:   Vaults:1 :

Annotations:
Spider:4 Roxanne
Vaults:5 Boris, Sojobo


Innate Abilities, Weirdness & Mutations

You sometimes lose your temper in combat.


Message History

Unknown command.
You feel a strong urge to attack something.
The deep elf high priest utters an invocation to its god.
The deep elf high priest begins emitting a brilliant aura!
You rampage towards the deep elf high priest!
A redback and a tengu reaver come into view.
You slice the deep elf high priest!! You burn the deep elf high priest.
The deep elf high priest is heavily wounded.
You are no longer berserk.
You are exhausted.
You feel yourself slow down.
You barely miss the deep elf high priest.
The deep elf high priest is heavily wounded.
You block the deep elf high priest's attack.
A yaktaur captain comes into view.
Unknown command.
You open the deep elf high priest like a pillowcase!!!
You burn the deep elf high priest!
You kill the deep elf high priest!
The redback changes into a swamp worm!
Unknown command.
The tengu reaver casts a spell at you. The bolt of acid hits you!!
* * * LOW HITPOINT WARNING * * *
The acid corrodes you!
You feel much better.
Okay, then.
You fade into invisibility!
The tengu reaver points at you and mumbles some strange words.
The bolt of cold hits you but does no damage.
You resist.
Press: ? - help, v - describe, . - travel, g - get item Item here: a potion of degeneration.
The floor.
You barely miss the tengu reaver. You closely miss the tengu reaver.
The tengu reaver gestures at you while chanting.
The bolt of fire hits you!!!
You die...
Your body glows with a rainbow of weird colours and disappears.

###################
...................
...................
#........#.#.######
.........@........
#.#....#Q####....#
# #....!c. ##...
#....#... #..
#....#.... ..
#....#...w. #...
#....c. #..
#.......


You could see a tengu reaver (empowered) and a yaktaur captain (unable to see
you).

Vanquished Creatures
  Mara (Swamp:3)
  An ancient lich (Vaults:4)
  Saint Roka (Vaults:4)
  Nikola (Spider:1)
  The ghost of theMacoje the Slayer, an adept OgHs of Hepliaklqana (Vaults:2)
  An acid blob (Lair:4)
  A titan (Vaults:4)
  An ancient champion (Crypt:1)
  2 tentacled starspawn (Abyss:2)
  5 sphinxes
  A thorn hunter (Swamp:3)
  A tengu reaver (Vaults:2)
  A revenant (Abyss:2)
  2 fire giants (Depths:1)
  4 vault wardens
  A balrug (Abyss:2)
  2 frost giants
  3 emperor scorpions
  A curse skull (Vaults:3)
  5 ghost moths
  Louise (Spider:2)
  5 orc warlords
  3 stone giants
  18 ironbound preservers
  2 very ugly things (Depths:1)
  2 broodmothers
  3 ironbound thunderhulks
  2 war gargoyles
  A deep elf demonologist (Vaults:5)
  A juggernaut skeleton (Crypt:1)
  4 dire elephants (Vaults:1)
  2 spark wasps
  9 eleionomae
  2 bunyips (Swamp:1)
  A minotaur (Lair:1)
  An eidolon (Crypt:1)
  2 ettins
  5 great orbs of eyes
  2 yaktaur captains (Vaults:4)
  6 entropy weavers
  A deep elf high priest (Vaults:5)
  A merfolk javelineer (Depths:1)
  5 jiangshi
  2 shambling mangroves
  18 vault guards
  A spriggan zombie (Crypt:1)
  19 hydras
  A peacekeeper (Vaults:4)
  2 ice dragons
  A spriggan air mage (Depths:1)
  22 centaur warriors
  An entropy weaver (shapeshifter) (D:9)
  6 jorogumos
  2 radroaches
  7 ironbound frosthearts
  4 ogre magi (Orc:2)
  A catoblepas (Lair:4)
  2 ghost crabs
  A death knight (Crypt:1)
  21 two-headed ogres
  10 alligators
  8 boulder beetles
  6 merfolk avatars
  An anaconda (Vaults:5)
  3 death yaks
  A dancing weapon (Vaults:2)
  A deep troll shaman (Depths:1)
  6 death scarabs (Spider:4)
  5 thrashing horrors (Abyss:2)
  A tengu warrior (D:15)
  3 vampire magi
  A storm dragon zombie (Vaults:2)
  Urug (D:13)
  2 soul eaters (Depths:1)
  2 orc high priests (Vaults:3)
  The ghost of thetitan555 the Cleaver, a novice MiBe of Trog (D:7)
  6 hell knights (Depths:1)
  4 sun demons
  A wretched star (Abyss:2)
  8 pharaoh ants
  2 skysharks
  4 sun moths
  2 iron trolls (D:15)
  5 skeletal warriors
  7 goliath frogs
  4 spriggan druids
  44 deep trolls
  11 orb spiders
  5 bog bodies
  6 lindwurms
  7 wizards
  9 swamp dragons
  3 large abominations (Abyss:2)
  4 steelbarb worms
  3 spectral jorogumos (Spider:4)
  A phantasmal warrior (Vaults:1)
  7 orc knights
  11 ironbound convokers
  A shadow dragon zombie (Vaults:4)
  A deep elf pyromancer (D:9)
  2 harpies (Vaults:1)
  24 ugly things
  18 wolf spiders
  4 oklob plants
  A spectral wolf spider (Spider:4)
  5 necromancers
  A broodmother zombie (Crypt:1)
  5 manticores
  4 orc sorcerers
  2 will-o-the-wisps (Swamp:4)
  5 cyclopes
  2 salamanders (Depths:1)
  2 moths of wrath
  A frost giant zombie (Vaults:2)
  A centaur zombie (D:15)
  3 elephants (Lair:5)
  A guardian serpent (shapeshifter) (D:12)
  2 naga magi
  A rust devil (Abyss:2)
  6 demonic crawlers
  9 vault sentinels
  4 molten gargoyles (D:13)
  17 cane toads
  3 torpor snails
  7 black mambas
  A gargoyle (D:12)
  2 unseen horrors
  A centaur skeleton (D:15)
  A hellion (Abyss:2)
  A cane toad (shapeshifter) (D:14)
  2 smoke demons (Abyss:2)
  6 yaktaurs
  2 unseen horrors (shapeshifter)
  4 rime drakes
  10 komodo dragons
  An efreet (D:15)
  3 redback zombies (Spider:4)
  3 spectral redbacks (Spider:4)
  A kobold demonologist (D:11)
  2 tengu conjurers (D:15)
  2 queen bees
  4 ancient zymes (Abyss:2)
  2 wind drakes (Lair:5)
  24 tarantellas
  6 hornets
  A queen bee (shapeshifter) (D:9)
  5 trolls
  3 polar bears
  4 meliai
  5 dream sheep
  22 blink frogs
  A spectral jumping spider (Spider:4)
  3 spectral culicivoras (Spider:4)
  7 tyrant leeches
  A culicivora zombie (Spider:4)
  A blink frog (shapeshifter) (D:14)
  A raiju (Abyss:2)
  4 spectral tarantellas (Spider:4)
  A stone giant simulacrum (Vaults:4)
  20 slime creatures
  A centaur simulacrum (D:15)
  3 small abominations (Abyss:2)
  24 culicivoras
  10 wyverns
  A spriggan (Swamp:3)
  42 jumping spiders
  A water elemental (D:15)
  A wraith (Vaults:3)
  2 shadows
  3 vampires
  3 fire bats (Depths:1)
  44 yaks
  A hog (Orc:1)
  4 basilisks
  2 redbacks (shapeshifter)
  6 vampire mosquitoes
  25 redbacks
  2 steam dragons
  15 swamp worms
  Edmund (D:6)
  2 neqoxecs (Abyss:2)
  2 wargs
  Menkaure (D:6)
  A glowing shapeshifter zombie (Vaults:2)
  A glowing shapeshifter skeleton (Vaults:2)
  15 water moccasins
  38 orc warriors
  A sky beast (D:7)
  8 swamp drakes
  An ice beast (D:7)
  2 black bears (D:8)
  11 centaurs
  29 ogres
  An elephant skeleton (Crypt:1)
  An elf simulacrum (Vaults:4)
  10 wolves
  A hog skeleton (Crypt:1)
  4 kobold brigands
  2 elf zombies
  9 bullfrogs
  A gnoll sergeant (D:12)
  A scorpion (D:6)
  A water moccasin skeleton (Crypt:1)
  34 killer bees
  A polar bear skeleton (Crypt:1)
  5 electric eels
  6 howler monkeys
  3 jellies
  A hound (D:7)
  26 orc priests
  3 gnoll boudas (D:8)
  A sleepcap (D:6)
  An iguana (D:7)
  28 orc wizards
  A boggart skeleton (D:15)
  3 mummies (Ossuary)
  22 gnolls
  5 adders
  2 white imps (D:7)
  2 ufetubi
  2 adder zombies (Ossuary)
  7 worms
  3 dart slugs
  103 orcs
  4 ball pythons
  2 bats
  6 endoplasms
  2 giant cockroaches (D:2)
  A gnoll zombie (Ossuary)
  7 goblins
  7 hobgoblins
  29 kobolds
  2 quokkas
  4 frilled lizards
  3 goblin zombies (Ossuary)
  3 hobgoblin zombies (Ossuary)
  2 kobold zombies (Ossuary)
  4 quokka zombies
  6 rats
  4 rat zombies (Ossuary)
  A starspawn tentacle (Abyss:2)
1401 creatures vanquished.

Vanquished Creatures (collateral kills)
  Xtahua (Vaults:4)
  An acid blob (Lair:4)
  A sphinx (Vaults:1)
  A thorn hunter (Swamp:4)
  A tengu reaver (Depths:1)
  An eleionoma (Vaults:5)
  A deep elf high priest (Vaults:1)
  An ice dragon (Lair:1)
  4 hydras
  A death yak (Lair:1)
  A two-headed ogre (Vaults:3)
  2 deep trolls
  An orb spider (Spider:1)
  A harpy (Vaults:1)
  A wizard (Vaults:4)
  A swamp dragon (Swamp:3)
  2 orc knights
  2 ugly things (D:14)
  A wolf spider (Spider:1)
  A cyclops (D:14)
  A will-o-the-wisp (Swamp:4)
  An elephant (Vaults:5)
  A cane toad (D:8)
  A komodo dragon (D:8)
  4 meliai
  A hornet (Swamp:1)
  2 tarantellas
  3 slime creatures
  A wyvern (Orc:1)
  A culicivora (Spider:1)
  3 yaks (D:9)
  2 orc warriors
  2 orc priests
  An orc wizard (D:9)
  2 orcs
52 creatures vanquished.

Vanquished Creatures (others)
  An ironbound frostheart (Vaults:1)
  A tyrant leech (Swamp:1)
  2 jumping spiders (Spider:2)
  A ynoxinul (Abyss:2)
  A swamp worm (Swamp:1)
  An orc (Orc:1)
  8 foxfires (Swamp:4)
  6 starspawn tentacles (Abyss:2)
21 creatures vanquished.

Grand Total: 1474 creatures vanquished

Notes
Turn   | Place    | Note
-------+----------+-------------------------------------------
     0 | D:1      | monsoonserge the Hill Orc Fighter began the quest for the
                  | Orb.
     0 | D:1      | Reached XP level 1. HP: 19/19 MP: 1/1
   131 | D:1      | Reached XP level 2. HP: 15/27 MP: 2/2
   293 | D:1      | Reached skill level 4 in Fighting
   604 | D:1      | Reached XP level 3. HP: 33/33 MP: 3/3
  1300 | D:2      | Reached XP level 4. HP: 40/40 MP: 4/4
  1315 | D:2      | Found a faded altar of an unknown god.
  2179 | D:3      | Identified the +5 chain mail of Ignis {rPois Will++ Int+2
                  | Stlth-}
  2694 | D:4      | Found a staircase to the Ecumenical Temple.
  2703 | Temple   | Entered the Ecumenical Temple
  2903 | Temple   | Became a worshipper of Nemelex Xobeh the Trickster
  3053 | D:4      | Reached XP level 5. HP: 38/47 MP: 3/5
  3528 | D:4      | Reached * piety under Nemelex Xobeh
  3620 | D:5      | Entered Level 5 of the Dungeon
  3772 | D:5      | Identified the +2 chain mail of Restlessness {Will+}
  3783 | D:5      | Received a gift from Nemelex Xobeh
  3886 | D:5      | Noticed an orc warrior
  4020 | D:6      | Reached skill level 1 in Throwing
  4183 | D:4      | Reached skill level 1 in Dodging
  4183 | D:4      | Reached XP level 6. HP: 41/53 MP: 4/6
  4461 | D:6      | Reached skill level 5 in Fighting
  4491 | D:6      | Reached skill level 5 in Armour
  4491 | D:6      | Reached skill level 1 in Invocations
  4537 | D:6      | Noticed Edmund
  4656 | D:6      | Reached skill level 5 in Axes
  4656 | D:6      | Reached XP level 7. HP: 46/61 MP: 6/8
  4869 | D:7      | Reached ** piety under Nemelex Xobeh
  5264 | D:7      | Reached skill level 6 in Fighting
  5264 | D:7      | Reached XP level 8. HP: 70/70 MP: 9/11
  5407 | D:7      | Found a transporter.
  5409 | D:7      | Noticed thetitan555's ghost (novice MiBe)
  5409 | D:7      | Identified the +0 dire flail "Qas Yche" {flame, rPois
                  | Will+}
  5409 | D:7      | Noticed a two-headed ogre
  5413 | D:7      | Found a transporter.
  5743 | D:7      | Reached skill level 5 in Invocations
  5932 | D:7      | Found Fuqoidig's Jewellery Shoppe.
  5996 | D:7      | Found a glowing silver altar of Zin.
  6067 | D:6      | Noticed Menkaure
  6075 | D:6      | Killed Menkaure
  6097 | D:5      | Reached skill level 7 in Fighting
  6552 | D:8      | Reached XP level 9. HP: 76/79 MP: 13/13
  6741 | D:8      | Found a sand-covered staircase.
  6758 | Ossuary  | Entered an ossuary
  6769 | Ossuary  | Reached skill level 1 in Evocations
  7000 | D:8      | Reached skill level 8 in Fighting
  7239 | D:8      | Received a gift from Nemelex Xobeh
  7569 | D:8      | Found a staircase to the Lair.
  7719 | D:8      | Reached XP level 10. HP: 67/90 MP: 13/16
  8246 | D:9      | Reached skill level 9 in Fighting
  8269 | D:9      | Noticed a two-headed ogre
  8280 | D:9      | Killed a two-headed ogre
  8292 | D:9      | Reached *** piety under Nemelex Xobeh
  8293 | D:9      | Received a gift from Nemelex Xobeh
  8573 | D:9      | Noticed a two-headed ogre
  8586 | D:9      | Killed a two-headed ogre
  8587 | D:9      | Reached skill level 10 in Armour
  9071 | D:9      | Noticed a centaur warrior
  9084 | D:9      | Killed a centaur warrior
  9085 | D:9      | Reached skill level 10 in Fighting
  9085 | D:9      | Reached skill level 10 in Invocations
  9085 | D:9      | Reached XP level 11. HP: 46/99 MP: 7/18
  9288 | D:9      | Noticed a cyclops
  9298 | D:9      | Killed a cyclops
  9772 | D:9      | Received a gift from Nemelex Xobeh
  9985 | D:9      | Found Qoschapt's Book Emporium.
 10087 | D:9      | Noticed a deep elf pyromancer
 10104 | D:9      | Killed a deep elf pyromancer
 10332 | D:9      | Noticed an entropy weaver
 10339 | D:9      | Killed an entropy weaver
 10450 | D:9      | Noticed a centaur warrior
 10461 | D:9      | Killed a centaur warrior
 10695 | D:10     | Entered Level 10 of the Dungeon
 10702 | D:10     | Noticed a two-headed ogre
 10714 | D:10     | Killed a two-headed ogre
 11170 | D:10     | Found a staircase to the Orcish Mines.
 11320 | D:10     | Reached skill level 11 in Fighting
 11571 | D:10     | Reached **** piety under Nemelex Xobeh
 11585 | D:10     | Found an ornate altar of the Wu Jian Council.
 11607 | D:10     | Received a gift from Nemelex Xobeh
 12274 | D:11     | Noticed a brown ugly thing
 12275 | D:11     | Noticed a boulder beetle
 12418 | D:12     | Noticed a centaur warrior
 12449 | D:12     | a centaur warrior changed into a torpor snail
 12461 | D:12     | Reached XP level 12. HP: 24/110 MP: 5/20
 13132 | D:12     | Received a gift from Nemelex Xobeh
 14008 | D:11     | Reached skill level 1 in Maces & Flails
 14080 | Lair:1   | Entered Level 1 of the Lair of Beasts
 14174 | D:8      | Reached skill level 1 in Stealth
 14692 | Lair:1   | Received a gift from Nemelex Xobeh
 14723 | Lair:1   | HP: 4/112 [poisoned by a black mamba]
 14724 | Lair:1   | Reached skill level 12 in Fighting
 15047 | Orc:1    | Entered Level 1 of the Orcish Mines
 15053 | Orc:1    | Noticed an orc warlord
 15250 | D:10     | Killed an orc warlord
 15908 | Lair:1   | Noticed a boulder beetle
 15947 | Lair:1   | Killed a boulder beetle
 16092 | Lair:1   | Reached XP level 13. HP: 65/119 MP: 18/22
 16315 | Lair:1   | Reached ***** piety under Nemelex Xobeh
 16493 | Lair:1   | Reached skill level 10 in Axes
 16940 | Lair:2   | Received a gift from Nemelex Xobeh
 16953 | Lair:2   | Reached skill level 13 in Fighting
 17075 | Lair:2   | Reached skill level 5 in Shields
 17119 | Lair:2   | Reached skill level 5 in Dodging
 17677 | D:11     | Noticed an ice dragon
 18262 | D:11     | Noticed a yaktaur captain
 18498 | D:10     | Killed an ice dragon
 18747 | D:11     | Noticed a sphinx
 18758 | D:11     | Killed a sphinx
 18935 | D:11     | Found the +8 Vampire's Tooth {megavamp}
 19065 | D:11     | Identified the staff of cold "Mawiwite" {rPois rC+}
 19242 | D:6      | Killed Edmund
 19338 | D:7      | Killed thetitan555's ghost
 19530 | Lair:2   | Received a gift from Nemelex Xobeh
 20091 | Orc:2    | Entered Level 2 of the Orcish Mines
 20091 | Orc:2    | Noticed an orc warlord
 20102 | Orc:2    | Noticed an orc warlord
 20108 | Orc:1    | Reached XP level 14. HP: 67/130 MP: 4/23
 20361 | D:13     | Noticed Urug
 20374 | D:13     | Killed Urug
 20630 | D:12     | Reached skill level 14 in Fighting
 20709 | D:13     | Found a gate to the Vaults.
 20898 | D:14     | Found a glowing golden altar of the Shining One.
 21081 | D:14     | Found an iron altar of Okawaru.
 21426 | D:13     | Got the Compendium of Accompaniment
 22893 | Orc:1    | Killed an orc warlord
 23570 | Orc:2    | Killed an orc warlord
 23750 | Orc:2    | Received a gift from Nemelex Xobeh
 23936 | Orc:2    | Found a staircase to the Elven Halls.
 24218 | Orc:1    | Reached skill level 15 in Axes
 24650 | Orc:2    | Received a gift from Nemelex Xobeh
 24759 | Orc:2    | Reached XP level 15. HP: 139/139 MP: 24/24
 24855 | Orc:2    | Noticed an orc warlord
 25072 | Orc:1    | Reached skill level 15 in Armour
 25084 | Orc:1    | Killed an orc warlord
 25537 | Orc:2    | Found Feroturije's Antique Armour Shoppe.
 25537 | Orc:2    | Found Danane's Book Boutique.
 25537 | Orc:2    | Found Zeanael's Weapon Shop.
 25537 | Orc:2    | Found Sathro Emirou's General Store.
 25817 | Orc:1    | Received a gift from Nemelex Xobeh
 26035 | Orc:2    | Bought a pair of embroidered boots for 210 gold pieces
 26290 | D:13     | Reached skill level 15 in Fighting
 27234 | D:15     | Entered Level 15 of the Dungeon
 27367 | D:15     | Received a gift from Nemelex Xobeh
 27587 | D:15     | Found a staircase to the Depths.
 28567 | Depths:1 | Entered Level 1 of the Depths
 28568 | Depths:1 | Noticed a frost giant
 28583 | D:15     | Killed a frost giant
 28783 | Depths:1 | Received a gift from Nemelex Xobeh
 28833 | Depths:1 | Noticed a frost giant
 29716 | Lair:2   | Found the +1 robe of Vines {NoPotionHeal Regen++++}
 29728 | Lair:2   | Found a staircase to the Swamp.
 30118 | Lair:2   | Reached skill level 16 in Fighting
 30263 | Lair:2   | Reached XP level 16. HP: 151/151 MP: 26/26
 30702 | Lair:3   | Received a gift from Nemelex Xobeh
 30703 | Lair:3   | Found a hole to the Spider Nest.
 31594 | Lair:4   | Received a gift from Nemelex Xobeh
 31695 | Lair:4   | Reached skill level 1 in Ranged Weapons
 31769 | Lair:4   | Received a gift from Nemelex Xobeh
 31840 | Lair:4   | Reached ****** piety under Nemelex Xobeh
 32176 | Lair:4   | Found a runed translucent door.
 32176 | Lair:4   | Noticed an acid blob
 32190 | Lair:4   | Found a staircase to the Slime Pits.
 32190 | Lair:4   | Noticed an acid blob
 32432 | Lair:5   | Entered Level 5 of the Lair of Beasts
 32863 | Lair:5   | Received a gift from Nemelex Xobeh
 33308 | Lair:5   | Found the +7 captain's cutlass {speed, disarm}
 33326 | Lair:5   | Received a gift from Nemelex Xobeh
 33433 | Lair:4   | Found a runed translucent door.
 33489 | Spider:1 | Entered Level 1 of the Spider Nest
 33671 | Spider:1 | Reached skill level 5 in Evocations
 34421 | Swamp:1  | Entered Level 1 of the Swamp
 34421 | Swamp:1  | Found an iron altar of Okawaru.
 34817 | Lair:2   | Reached skill level 10 in Shields
 35068 | Swamp:1  | You fall into a shaft and drop 1 floor!
 35074 | Swamp:2  | Received a gift from Nemelex Xobeh
 35108 | Swamp:1  | Reached skill level 17 in Fighting
 35113 | Swamp:1  | Reached skill level 15 in Invocations
 35650 | Swamp:1  | Reached XP level 17. HP: 57/161 MP: 11/28
 35894 | Swamp:1  | Received a gift from Nemelex Xobeh
 36117 | Swamp:1  | Identified the +5 demon trident of the End {drain, *Slow
                  | rElec Will+ Str+3}
 36554 | Spider:1 | Identified the +2 leather armour "Pitwec" {*Corrode Int+3
                  | Dex+2}
 37074 | Spider:1 | Received a gift from Nemelex Xobeh
 37866 | Spider:1 | Received a gift from Nemelex Xobeh
 38244 | Spider:2 | Noticed Nikola
 38259 | Spider:1 | Killed Nikola
 38741 | Lair:4   | Found a staircase to the Slime Pits.
 39450 | Lair:4   | Killed an acid blob
 39455 | Lair:4   | Killed an acid blob
 39868 | Lair:5   | Identified the ring of Ribuph {Fly rElec Will+ Stlth+}
 40571 | Swamp:2  | Received a gift from Nemelex Xobeh
 41279 | Swamp:3  | Reached skill level 18 in Fighting
 41545 | Swamp:3  | Noticed Mara
 41550 | Swamp:3  | Noticed monsoonserge's illusion
 41585 | Swamp:3  | Killed Mara
 42492 | Swamp:4  | Entered Level 4 of the Swamp
 42856 | Swamp:4  | Reached XP level 18. HP: 129/174 MP: 20/29
 43443 | Spider:2 | Reached skill level 19 in Fighting
 44038 | Spider:2 | Noticed Louise
 44062 | Spider:2 | Killed Louise
 44389 | Spider:2 | Received a gift from Nemelex Xobeh
 44551 | Spider:2 | Reached skill level 1 in Polearms
 45280 | Spider:3 | Identified the +0 robe "Ripnoufe" {Int+4}
 45816 | Spider:3 | Received a gift from Nemelex Xobeh
 46233 | Spider:3 | Received a gift from Nemelex Xobeh
 46561 | Spider:4 | Entered Level 4 of the Spider Nest
 46968 | Spider:4 | Identified the +4 quarterstaff of the Transmuting Stork
                  | {freeze, rCorr}
 47201 | Spider:4 | Received a gift from Nemelex Xobeh
 47476 | Spider:4 | Noticed Roxanne
 48754 | Spider:4 | Reached skill level 20 in Fighting
 49496 | Spider:4 | Reached XP level 19. HP: 117/184 MP: 21/30
 49698 | Spider:4 | Paralysed by a jorogumo for 3 turns
 49987 | Spider:4 | Got a gossamer rune of Zot
 50658 | Vaults:1 | Entered Level 1 of the Vaults
 51170 | Vaults:1 | Received a gift from Nemelex Xobeh
 51262 | Vaults:1 | Found Runor Manafu's Book Emporium.
 51476 | Vaults:1 | Identified the +0 long sword "Filedose" {drain, Stlth+}
 52200 | Vaults:1 | Reached skill level 15 in Shields
 52811 | Vaults:1 | Reached skill level 21 in Fighting
 53587 | Vaults:2 | Received a gift from Nemelex Xobeh
 54346 | Vaults:2 | Reached XP level 20. HP: 180/198 MP: 27/31
 54385 | Vaults:2 | Found a runed translucent door.
 54385 | Vaults:2 | Found a shimmering altar of Xom.
 54385 | Vaults:2 | Noticed theMacoje's ghost (adept OgHs)
 54452 | Vaults:2 | Killed theMacoje's ghost
 54454 | Vaults:2 | Identified the +0 leather armour of Vampiric Thralls {rC+
                  | Will+ Regen+}
 54456 | Vaults:2 | Identified the ring of Omois {rC++ AC+4 Str+4 Int-5}
 54846 | Vaults:2 | You are sucked into a shaft and drop 1 floor!
 54871 | Vaults:3 | Received a gift from Nemelex Xobeh
 55561 | Vaults:3 | Found a staircase to the Crypt.
 56735 | Abyss:2  | Cast into level 2 of the Abyss (hell knight)
 56763 | Abyss:2  | Received a gift from Nemelex Xobeh
 56824 | Abyss:2  | Gained mutation: You sometimes lose your temper in combat.
                  | [a neqoxec]
 57085 | Abyss:2  | Found a corrupted altar of Lugonu.
 57505 | Depths:1 | Escaped the Abyss
 58162 | Swamp:4  | Reached skill level 22 in Fighting
 58396 | Swamp:4  | Got a decaying rune of Zot
 59151 | Depths:1 | Reached skill level 5 in Stealth
 59774 | Depths:1 | Reached XP level 21. HP: 185/207 MP: 31/33
 60380 | Vaults:3 | Received a gift from Nemelex Xobeh
 60388 | Vaults:3 | Identified a scroll of acquirement
 60395 | Vaults:3 | Acquired the amulet "Looxeut" {Reflect Int+4 SH+5 Stlth+}
 60855 | Vaults:4 | HP: 4/209 [ironbound preserver/+0 great mace[a vault
                  | warden] (17)]
 61255 | Vaults:4 | Noticed an ancient lich
 61284 | Vaults:4 | Killed an ancient lich
 61987 | Vaults:3 | Received a gift from Nemelex Xobeh
 62592 | Crypt:1  | Entered Level 1 of the Crypt
 63234 | Vaults:4 | Identified the +8 shortbow of Extinguishment {elec, rElec
                  | rC+}
 63311 | Vaults:4 | Received a gift from Nemelex Xobeh
 63352 | Vaults:4 | Reached skill level 1 in Spellcasting
 63564 | Vaults:4 | Received a gift from Nemelex Xobeh
 63611 | Vaults:4 | Reached skill level 23 in Fighting
 64139 | Vaults:4 | Learned a level 2 spell: Wereblood
 64168 | Vaults:4 | Noticed Saint Roka
 64186 | Vaults:4 | Killed Saint Roka
 64281 | Vaults:4 | Received a gift from Nemelex Xobeh
 64444 | Vaults:4 | Received a gift from Nemelex Xobeh
 64544 | Vaults:4 | Noticed Xtahua
 64580 | Vaults:4 | Identified the +4 executioner's axe of Wounding {heavy,
                  | rElec rC- rN+ Str+5}
 64587 | Vaults:4 | Killed Xtahua
 64743 | Vaults:5 | Entered Level 5 of the Vaults
 64761 | Vaults:4 | Reached skill level 1 in Transmutations
 64831 | Vaults:5 | Noticed Sojobo
 64843 | Vaults:5 | Noticed Boris
 64848 | Vaults:5 | Reached skill level 5 in Throwing
 64859 | Vaults:5 | HP: 7/206 [tengu reaver/bolt of acid (33)]
 64865 | Vaults:5 | Killed from afar by a tengu reaver

Illustrated notes

Levels and vault maps discovered:
D:1:      co_arrival_square_in_a_square_in_a_square, layout_basic,
          bh_walls_and_bars
D:2:      layout_loops_corners, chequers_ecumenical_altar_simple_redux,
          chequers_serial_rivers_micro_a
D:3:      layout_basic
D:4:      layout_basic, minmay_temple_entry_junction, serial_forest,
          infiniplex_forest_end_2, infiniplex_forest_clump_double,
          infiniplex_forest_clump_small, infiniplex_forest_straight_2,
          infiniplex_forest_corner_1, infiniplex_forest_clump_small,
          infiniplex_forest_lined_room_2, nicolae_concentric_dashed_squares_mild
D:5:      layout_basic
D:6:      layout_rooms, uniq_edmund, uniq_menkaure
D:7:      layout_loops_cross, mainiacjoe_overflow_alcove_2,
          gammafunk_ghost_smash, serial_shops, nicolae_shop_real_fake_doors
D:8:      layout_loops_ring, david_lair_generic, enter_ossuary_4,
          minmay_misc_feat_nine_boxes
D:9:      minmay_goldmine, layout_irregular_city, serial_shops, shop,
          minmay_evil_grid
D:10:     layout_loops_corners, nzn_wu_jian_contemplation, david_orc_4
D:11:     minmay_the_grid_4x2 [minmay_the_grid_dragon_a, minmay_the_grid_x,
          minmay_the_grid_tiny_cups, minmay_the_grid_tree,
          minmay_the_grid_plusring, minmay_the_grid_broken_lines,
          minmay_the_grid_spin_star, minmay_the_grid_prize_diamond_cup],
          layout_rooms
D:12:     layout_gridville, serial_glass, glass_columns_b, glass_columns_a,
          drop_trap
D:13:     layout_basic, erik_vaults_2, kennysheep_big_empty_room, minivault_8,
          uniq_urug
D:14:     layout_roguey, okawaru_metal_pillars_1_2, nicolae_tso_carved_into_rock
D:15:     grunt_enter_depths_magical_seal, layout_irregular_city
Temple:   nicolae_temple_slightly_damp_pantheon
Lair:1:   layout_hall_layers
Lair:2:   layout_small_grid, swamp_mist, special_room [special_room_bee],
          hellmonk_guarded_unrand_vines
Lair:3:   dpeg_oklob_shooting_range, layout_chaotic_city, dummy_spider_entry,
          grunt_megastairs_2
Lair:4:   layout_cellular_growth, slime_entry_2, chequers_serial_rivers_small_b,
          grunt_megastairs_4, infiniplex_staircase_pool
Lair:5:   gammafunk_lair_ancient_temple, layout_regular_city,
          minmay_lindwurm_lava, serial_bayou_shore_b
Swamp:1:  layout_basic_swamp, basic_altar
Swamp:2:  layout_basic_swamp, evilmike_swamp_ruin_rubble_1
Swamp:3:  layout_basic_swamp, evilmike_swamp_ruin_house_6, swamp_pool3,
          grunt_lady_of_the_lake, uniq_mara
Swamp:4:  swamp, layout_basic_swamp, swamp_pool3,
          nicolae_swamp_feature_on_the_river_bank
Spider:1: layout_chambers
Spider:2: layout_spider_delve, nicolae_spider_world_wide_web, uniq_louise,
          uniq_nikola
Spider:3: layout_cave_pods, hive_lemuel, nicolae_spider_cling_halls
Spider:4: floodkiller_spider_rune_tomb, uniq_roxanne
Orc:1:    layout_diamond_mine
Orc:2:    st_orc_ogre_mass, layout_diamond_mine, nicolae_orc_rockfall
Vaults:1: v_pattern_3, st_hourglassy, vaults_dpeg_emergency_exit, v_misc_25,
          hangedman_vaults_stretched_pinwheel, ontoclasm_vaults_chip, v_misc_4,
          nicolae_vaults_rhombus_6, vaults_room_pools, nicolae_vaults_wrenched,
          vaults_room_fours, nicolae_vaults_frosty_reception,
          nicolae_vaults_trapezoid_4, nicolae_vaults_tetromino_Z_1,
          layout_vaults_ring, serial_shops, shop
Vaults:2: ebering_ghost_xom, hangedman_vaults_locks,
          nicolae_vaults_storage_closets_2, vaults_dpeg_hooks,
          vaults_dpeg_cross, vaults_room_hallway, v_misc_25,
          nicolae_vaults_meiosis, nicolae_vaults_cornered_office,
          vaults_dpeg_encased_lava, vaults_room_grunt_arrival_ludios, v_misc_4,
          nicolae_vaults_trapezoid_lopsided_2, vaults_room_large_hall,
          v_misc_19, nicolae_vaults_tangram_1, layout_vaults_omnibox
Vaults:3: v_misc_1, ontoclasm_vaults_loading_screen, v_misc_15,
          special_room_vaults [special_room_orc], grunt_vaults_funnel,
          vaults_room_corners, v_alt_pattern_2,
          nicolae_vaults_heart-shaped_vault, minmay_crypt_entry_simple_statues,
          nicolae_vaults_two_Ls, layout_vaults_big_room
Vaults:4: nicolae_vaults_puzzle_piece, hangedman_vaults_slice, v_misc_10,
          vaults_dpeg_diagonal, nicolae_vaults_hexular_roomagon,
          nicolae_vaults_enemy_cabinets, hangedman_vaults_restitches,
          ontoclasm_vaults_idyll, vaults_room_semicircle,
          nicolae_vaults_three_branches, ontoclasm_vaults_loading_screen,
          layout_vaults_omnigrid, uniq_xtahua, uniq_saint_roka
Vaults:5: uniq_boris, uniq_sojobo
Crypt:1:  layout_rooms, special_room [special_room_morgue], grunt_megastairs_1,
          grunt_crypt_arrival_split, lemuel_upstairs_altar, uniq_khufu
Depths:1: layout_cave_pools, hellmouth_1, lemuel_nasty_fountain,
          serial_bayou_shore_a, firewood_loft

Skill      XL: |  1  2  3  4  5  6  7  8  9 10 11 12 13 14 15 16 17 18 19 20 21 |
---------------+----------------------------------------------------------------+-----
Axes           | 3 4 5 6 7 8 9 13 15 16 17 | 17.5
Fighting       | 4 5 6 7 8 10 11 12 13 14 16 17 18 20 21 22 23 | 23.3
Armour         | 4 5 7 8 10 12 13 14 15 16 17 18 19 | 19.2
Shields        | 4 5 7 8 10 11 13 15 17 18 | 18.4
Throwing       | 1 2 3 5 |  5.1
Dodging        | 1 2 3 4 5 6 7 8 9 |  9.3
Invocations    | 1 4 5 8 10 11 12 13 15 16 | 16.0
Evocations     | 1 4 5 7 |  7.0
Maces & Flails | 4 |  4.8
Stealth        | 1 2 3 5 6 |  6.1
Ranged Weapons | 2 |  2.0
Polearms       | 2 |  2.8
Spellcasting   | 2 |  2.0
Transmutations | 1 |  1.4

Action                     |  1- 3 |  4- 6 |  7- 9 | 10-12 | 13-15 | 16-18 | 19-21 || total
---------------------------+-------+-------+-------+-------+-------+-------+-------++-------
  Melee: War axe           |    91 |   144 |   445 |   607 |  1133 |  1795 |   626 ||  4841
         Flail             |       |       |       |   243 |       |       |       ||   243
         Battleaxe         |       |       |       |       |       |     3 |       ||     3
         Demon trident     |       |       |       |       |       |    73 |       ||    73
         Broad axe         |       |       |       |       |       |       |   967 ||   967
   Fire: Arbalest          |       |       |       |       |       |    28 |       ||    28
  Throw: Boomerang         |       |       |     5 |     4 |     7 |    12 |       ||    28
         Dart              |       |       |       |    20 |    15 |    14 |       ||    49
         Javelin           |       |       |       |       |       |       |     6 ||     6
 Invoke: Draw Destruction  |       |     3 |       |    22 |    11 |    29 |    14 ||    79
         Draw Summoning    |       |       |     1 |     3 |     6 |    15 |    15 ||    40
         Draw Escape       |       |       |       |     1 |       |     1 |     6 ||     8
         Draw Stack        |       |       |       |       |     2 |       |     3 ||     5
         Deal Four         |       |       |       |       |     1 |     1 |     1 ||     3
         Stack Five        |       |       |       |       |     1 |       |       ||     1
  Evoke: Wand              |       |       |       |       |       |     2 |       ||     2
    Use: Potion            |       |       |       |     3 |       |     4 |    11 ||    18
         Scroll            |       |       |       |       |    14 |    17 |    12 ||    43
   Stab: Distracted        |       |       |       |       |     1 |       |     3 ||     4
         Confused          |       |       |       |       |       |     1 |       ||     1
         Paralysed         |       |       |       |       |       |       |     3 ||     3
         Petrifying        |       |       |       |       |       |       |     1 ||     1
         Petrified         |       |       |       |       |       |       |     9 ||     9
 Armour: Scale mail        |    34 |    16 |       |       |       |       |       ||    50
         Chain mail        |       |    65 |   245 |   560 |   633 |  1072 |   679 ||  3254
  Dodge: Dodged            |    45 |    86 |   147 |   423 |   452 |   754 |   559 ||  2466
  Block: Buckler           |    15 |    40 |    94 |   217 |   133 |       |       ||   499
         Kite shield       |       |       |       |       |   287 |   561 |       ||   848
         Tower shield      |       |       |       |       |       |   653 |  1402 ||  2055
         Reflection        |       |       |       |       |       |       |    18 ||    18
